 Dungeon Crawl Stone Soup version 0.25.0-33-gff14898491 (console) character file.

Game seed: 14236930904932562171

2146 Colgate the Thaumaturge (level 9, -1/45 HPs)
             Began as a Deep Elf Conjurer on July 6, 2020.
             Was a Follower of Vehumet.
             Killed from afar by Maggie (20 damage)
             ... with a bolt of fire
             ... on level 7 of the Dungeon.
             The game lasted 01:49:53 (7274 turns).

Colgate the Thaumaturge (Deep Elf Conjurer)         Turns: 7274, Time: 01:49:53

Health: -1/45      AC:  8    Str:  5    XL:     9   Next: 9%
Magic:  21/25      EV: 13    Int: 30    God:    Vehumet [*.....]
Gold:   284        SH:  0    Dex: 15    Spells: 9/28 levels left

rFire    . . .     SeeInvis .   u - +3 dagger (flame)
rCold    . . .     Gourm    .   (no shield)
rNeg     . . .     Faith    .   z - +2 robe {MR+}
rPois    .         Spirit   .   (no helmet)
rElec    .         Reflect  .   (no cloak)
rCorr    .         Harm     .   (no gloves)
MR       +....                  (no boots)
Stlth    ++........             (no amulet)
HPRegen  0.15/turn              r - +6 ring of intelligence
MPRegen  0.19/turn              H - +4 ring of protection

@: no status effects
A: no striking features
a: Renounce Religion


You were on level 7 of the Dungeon.
You worshipped Vehumet.
Vehumet was aware of your devotion.
You were not hungry.

You visited 2 branches of the dungeon, and saw 8 of its levels.

You collected 284 gold pieces.

Inventory:

Hand Weapons
 f - a +0 hunting sling
 p - a +0 shortbow
 u - a +3 dagger of flaming (weapon)
 w - a +2 hand axe of electrocution
 A - a +0 scythe of venom
 G - a cursed -3 trident
Missiles
 e - 388 stones
 j - 101 arrows
 q - 68 bolts
 s - 67 sling bullets
 t - 9 boomerangs (quivered)
Armour
 a - a +0 robe
 y - a +1 leather armour of poison resistance
 z - a +2 robe of magic resistance (worn)
Jewellery
 g - a +4 ring of evasion
 r - a +6 ring of intelligence (left hand)
 H - a +4 ring of protection (right hand)
Wands
 h - a wand of polymorph (12)
 n - a wand of acid (10)
Scrolls
 b - 4 scrolls of teleportation
 i - a scroll of remove curse
 l - 5 scrolls of identify
 o - 2 scrolls of fog
 v - a scroll of enchant weapon
Potions
 d - 6 potions of curing
 k - a potion of haste
 m - a potion of mutation {unknown}
 x - a potion of heal wounds {unknown}
 C - a potion of magic {unknown}
 D - a potion of berserk rage {unknown}
Comestibles
 c - 8 rations


   Skills:
 - Level 2.4 Dodging
 - Level 2.4 Stealth
 + Level 10.2 Spellcasting
 - Level 9.0 Conjurations
 - Level 7.1 Hexes
 - Level 2.1 Translocations


You had 9 spell levels left.
You knew the following spells:

 Your Spells              Type           Power        Failure   Level  Hunger
b - Searing Ray           Conj           ######       1%          2    None
c - Fulminant Prism       Conj/Hex       ######....   1%          4    None
d - Iskenderun's Mystic   Conj/Tloc      #####...     3%          4    None
e - Tukima's Dance        Hex            ######..     1%          3    None
f - Dazzling Flash        Conj/Hex       ######       1%          3    None
g - Confusing Touch       Hex            ######..     1%          3    None

Your spell library contained the following spells:

 Spells                   Type           Power        Failure   Level  Hunger
 Foxfire                  Conj/Fire      ####         1%          1    None
 Corona                   Hex            ######.      1%          1    None
 Magic Dart               Conj           ####         1%          1    None
 Ensorcelled Hibernation  Hex/Ice        #####.       1%          2    None


Dungeon Overview and Level Annotations

Branches:
Dungeon (7/15)             Temple (1/1) D:5

Altars:
Ashenzari
Dithmenos
Fedhas
Hepliaklqana
Kikubaaqudgha
Okawaru
Ru
Trog
Vehumet
Xom
Zin

Shops:
D:5 :

Annotations:
D:7 Maggie


Message History

Aiming: Searing Ray (safe; 1% risk of failure)
Press: ? - help, Shift-Dir - straight line, f/p - Maggie
Aim: Maggie, wielding a +2 vorpal glaive, wearing +0 swamp dragon scales and carrying a wand of enslavement (7) (moderately wounded)
The searing ray hits Maggie.
Maggie is moderately wounded. (Press . to maintain the ray.)
The searing ray hits Maggie!
Maggie is heavily wounded.
Maggie points at you and mumbles some strange words.
The bolt of fire hits you!!
Ouch! That really hurt!
The searing ray hits Maggie!
Maggie is severely wounded.
Maggie barely misses you.
The searing ray hits Maggie!
Maggie is almost dead.
You finish channeling your searing ray.
Maggie points at you and mumbles some strange words.
The bolt of fire hits you!!
You die...

.##....../.....
#...............
#..............
.........[...
...........###.
####=.....@.....
............#
#........# #...@#.#.#
#.#......+ #.#.##...#
#.#.##.#.#
#####.#....#.###+###
.....#............. #.
...........###.....
#.#
##.####.##....########
...
...................[.
..#
#..###.####.......##
..# #.# #.# #.......#


You could see Maggie.

Vanquished Creatures
  Sigmund (D:4)
  3 yaks (D:6)
  An orc warrior (D:6)
  A sky beast (D:6)
  A phantom (D:4)
  2 ice beasts
  A centaur (D:6)
  2 ogres
  Blork the orc (D:4)
  3 howler monkeys (D:7)
  A crimson imp (D:5)
  A centaur zombie (D:7)
  2 orc wizards (D:5)
  3 orc priests
  A hound (D:6)
  A centaur skeleton (D:5)
  Ijyb (D:4)
  Natasha (twice) (D:2)
  A worker ant (D:5)
  A hound zombie (D:5)
  A worker ant zombie (D:7)
  12 adders
  3 gnolls (D:6)
  A shadow imp (D:6)
  2 oozes
  An adder skeleton (D:5)
  2 worms
  A dart slug (D:2)
  7 leopard geckos
  17 orcs
  4 giant cockroaches
  4 hobgoblins (D:2)
  A quokka (D:4)
  3 ball pythons (D:4)
  12 bats
  3 frilled lizards
  10 goblins
  A jackal zombie (D:7)
  11 kobolds
  A leopard gecko skeleton (D:7)
  A leopard gecko zombie (D:5)
  9 rats
  A fulminant prism (D:5)
138 creatures vanquished.

Vanquished Creatures (collateral kills)
  An orc (D:5)
1 creature vanquished.

Vanquished Creatures (others)
  33 fulminant prisms
33 creatures vanquished.

Grand Total: 172 creatures vanquished

Notes
Turn   | Place    | Note
-------+----------+-------------------------------------------
     0 | D:1      | Colgate the Deep Elf Conjurer began the quest for the Orb.
     0 | D:1      | Reached XP level 1. HP: 10/10 MP: 6/6
   510 | D:1      | Reached XP level 2. HP: 15/15 MP: 6/8
   558 | D:1      | Reached skill level 5 in Conjurations
   700 | D:1      | Learned a level 2 spell: Searing Ray
  1012 | D:2      | Found a shadowy altar of Dithmenos.
  1085 | D:2      | Found a bloodstained altar of Trog.
  1340 | D:2      | Reached XP level 3. HP: 19/19 MP: 5/9
  1710 | D:2      | Reached XP level 4. HP: 24/24 MP: 6/10
  1945 | D:2      | Found a blossoming altar of Fedhas.
  1954 | D:2      | Noticed Natasha
  1959 | D:2      | Killed Natasha
  1993 | D:2      | Noticed Natasha
  2000 | D:2      | Killed Natasha
  2164 | D:3      | Reached XP level 5. HP: 28/28 MP: 3/11
  2905 | D:3      | Noticed an ice beast
  2920 | D:3      | Learned a level 4 spell: Fulminant Prism
  2928 | D:3      | Killed an ice beast
  2928 | D:3      | Reached XP level 6. HP: 32/32 MP: 3/12
  3515 | D:4      | Reached skill level 4 in Spellcasting
  3516 | D:4      | Reached skill level 5 in Spellcasting
  3943 | D:4      | Found a shattered altar of Ashenzari.
  3943 | D:4      | Noticed Ijyb
  3949 | D:4      | Killed Ijyb
  4070 | D:4      | Noticed Sigmund
  4077 | D:4      | Killed Sigmund
  4077 | D:4      | Reached skill level 6 in Spellcasting
  4077 | D:4      | Reached XP level 7. HP: 19/36 MP: 10/19
  4091 | D:4      | Reached skill level 7 in Spellcasting
  4484 | D:4      | Found a shimmering altar of Xom.
  4516 | D:4      | Found a shimmering altar of Xom.
  4518 | D:4      | Found a shimmering altar of Xom.
  4533 | D:4      | Noticed Blork the orc
  4547 | D:4      | Killed Blork the orc
  4555 | D:4      | Learned a level 4 spell: Iskenderun's Mystic Blast
  4559 | D:4      | Learned a level 3 spell: Tukima's Dance
  4839 | D:5      | Entered Level 5 of the Dungeon
  4846 | D:5      | Reached skill level 8 in Spellcasting
  5058 | D:5      | Learned a level 3 spell: Dazzling Flash
  5081 | D:5      | Learned a level 3 spell: Confusing Touch
  5488 | D:5      | Found a staircase to the Ecumenical Temple.
  5494 | Temple   | Entered the Ecumenical Temple
  5538 | Temple   | Became a worshipper of Vehumet
  5627 | D:5      | Found Haulail's Book Shoppe.
  5639 | D:5      | Reached XP level 8. HP: 41/41 MP: 9/22
  5930 | D:6      | Reached skill level 9 in Spellcasting
  6143 | D:6      | Reached skill level 5 in Hexes
  6151 | D:6      | Reached skill level 10 in Spellcasting
  6567 | D:6      | Found a glowing drain.
  6648 | D:6      | Reached XP level 9. HP: 45/45 MP: 20/25
  6651 | D:6      | Reached * piety under Vehumet
  6651 | D:6      | Offered knowledge of Foxfire by Vehumet.
  7268 | D:7      | Noticed Maggie
  7274 | D:7      | Killed from afar by Maggie

Illustrated notes

Levels and vault maps discovered:
D:1:      minmay_arrival_up_and_down, layout_basic, grunt_decor_clamped
D:2:      layout_rooms, bloody_trog, lemuel_round_altar, old_standard_altar,
          minmay_joined_circles, uniq_natasha
D:3:      layout_loops_corners
D:4:      layout_rooms, xom_redecorated, ashenzari_altar_1, uniq_blork_the_orc,
          uniq_ijyb, uniq_sigmund
D:5:      layout_basic, minmay_temple_entry_mini_moons, first_ration,
          serial_shops, shop
D:6:      layout_rooms, portal_sewer_entry_d
D:7:      layout_basic, lemuel_doored_altar,
          lightli_ossuary_entry_decrepit_ruins, uniq_maggie
Temple:   jpeg_temple_clearing

Skill      XL: |  1  2  3  4  5  6  7  8  9 |
---------------+----------------------------+-----
Conjurations   | 5 6 7 8 9 |  9.0
Spellcasting   | 6 8 10 | 10.2
Hexes          | 3 7 |  7.1
Translocations | 2 |  2.1
Dodging        | |  2.4
Stealth        | |  2.4

Action                   |  1- 3 |  4- 6 |  7- 9 || total
-------------------------+-------+-------+-------++-------
Melee: Short sword       |     7 |     8 |       ||    15
       Unarmed           |     1 |       |       ||     1
       Dagger            |       |    13 |    12 ||    25
 Fire: Hunting sling     |       |     2 |     2 ||     4
Throw: Stone             |     1 |       |     1 ||     2
       Boomerang         |       |       |     8 ||     8
 Cast: Magic Dart        |    53 |    47 |    22 ||   122
       Searing Ray       |     6 |    12 |    18 ||    36
       Fulminant Prism   |       |     7 |    27 ||    34
       Iskenderun's Myst |       |       |     6 ||     6
       Tukima's Dance    |       |       |     2 ||     2
Evoke: Wand              |       |       |     1 ||     1
  Use: Scroll            |       |       |    12 ||    12
 Stab: Sleeping          |       |     3 |     1 ||     4
  Eat: Chunk             |     2 |     9 |     3 ||    14
       Ration            |       |       |     2 ||     2
Armor: Robe              |     1 |     6 |     4 ||    11
Dodge: Dodged            |     7 |    27 |    13 ||    47
